 Dungeon Crawl Stone Soup version 0.26-a0-682-g294304f6e8 (webtiles) character file.

Game seed: 18437543290373382493

60 jestyr24 the Conjurer (level 4, 24/24 HPs)
             Began as a Gargoyle Conjurer on Oct 21, 2020.
             Was a Follower of the Shining One.
             Quit the game on level 3 of the Dungeon.
             The game lasted 00:10:24 (2099 turns).

jestyr24 the Conjurer (Gargoyle Conjurer)           Turns: 2099, Time: 00:10:24

Health: 24/24      AC:  6    Str: 10    XL:     4   Next: 4%
Magic:  7/7        EV: 12    Int: 20    God:    the Shining One [*.....]
Gold:   80         SH:  0    Dex:  8    Spells: 4/7 levels left

rFire    . . .     SeeInvis .   p - +1 short sword (protect)
rCold    . . .     Faith    .   (no shield)
rNeg     + . .     Spirit   .   a - +0 robe
rPois    ∞         Reflect  .   c - +0 helmet
rElec    +         Harm     .   (no cloak)
rCorr    .         Rampage  .   (no gloves)
MR       .....                  (no boots)
Stlth    +.........             (no amulet)
HPRegen  0.08/turn              (no ring)
MPRegen  0.10/turn              (no ring)

@: glowing
A: negative energy resistance 1, electricity resistance, unbreathing,
petrification resistance, rot immunity, AC +3
a: Renounce Religion


You were on level 3 of the Dungeon.
You worshipped the Shining One.
The Shining One was aware of your devotion.
You visited 1 branch of the dungeon, and saw 3 of its levels.

You collected 80 gold pieces.

Inventory:

Hand Weapons
 b - a +0 club
 h - a +0 short sword of draining
 p - a +1 short sword of protection (weapon)
Missiles
 g - 3 atropa-tipped darts (quivered)
 n - 4 boomerangs
Armour
 a - a +0 robe (worn)
 c - a +0 helmet (worn)
 f - a +0 plate armour
Jewellery
 o - an uncursed ring of fire {unknown}
Scrolls
 j - 3 scrolls of identify {unknown}
 l - a scroll of enchant weapon {unknown}
 m - a scroll of remove curse {unknown}
 q - a scroll of random uselessness {unknown}
 r - a scroll of fog {unknown}
 s - a scroll of fear {unknown}
Potions
 d - a potion of stabbing {unknown}
 e - a potion of flight {unknown}
 i - 2 potions of heal wounds {unknown}
 k - a potion of curing {unknown}


   Skills:
 + Level 1.7 Dodging
 + Level 3.1 Stealth
 + Level 2.4 Spellcasting
 + Level 5.2 Conjurations


You had 4 spell levels left.
You knew the following spells:

 Your Spells              Type           Power        Failure   Level
a - Magic Dart            Conj           ###.         1%          1
b - Searing Ray           Conj           ###...       2%          2

Your spell library contained the following spells:

 Spells                   Type           Power        Failure   Level
 Dazzling Flash           Conj/Hex       ##....       16%         3
 Fulminant Prism          Conj/Hex       ##........   45%         4
 Iskenderun's Mystic Bla  Conj/Tloc      ##......     45%         4


Dungeon Overview and Level Annotations

Branches:
Dungeon (3/15)

Altars:
Uskayaw
Yredelemnul
The Shining One


Innate Abilities, Weirdness & Mutations

You are resistant to torment.
Your stone body is resilient. (AC +3)
You are immune to poison.
You resist negative energy. (rN+)
You are resistant to electric shocks. (rElec)
You can survive without breathing.
You are immune to petrification.
You are immune to rotting.


Message History

Aim: a rat (wandering, hasn't noticed you)
The magic dart hits the rat but does no damage.
Casting: Magic Dart (safe; 1% risk of failure)
Confirm with . or Enter, or press ? or * to list all spells.
You can't see any susceptible monsters within range! (Use Z to cast anyway.) Unknown command.
Found 6 gold pieces.
Casting: Magic Dart (safe; 1% risk of failure)
Confirm with . or Enter, or press ? or * to list all spells.
Aiming: Magic Dart (safe; 1% risk of failure)
Press: ? - help, Shift-Dir - straight line, f/p - rat
Aim: a rat The magic dart hits the rat.
You kill the rat!
A bat comes into view.
You hit the bat.
Your weapon exudes an aura of protection.
You kill the bat!
You now have 80 gold pieces (gained 6).
Are you sure you want to abandon this character and quit the game? (Confirm with "yes".)

###############
#.............## ..
#.#.#.#...#.#..#
..##......(.......#
....#.#)#...#.#..#####
.
#............@.......
#.
#..#.#.#..##.####..##
...#....†....##.#
#..##..###.##..
#.............#
#.##..####.##..# .
#..#.# #.##..#
#.#.###.##.....###
#.#.# #.........


There were no monsters in sight!

Vanquished Creatures
  A worm (D:2)
  2 dart slugs (D:1)
  2 giant cockroaches (D:1)
  8 goblins
  7 hobgoblins
  2 jackals (D:2)
  4 kobolds
  10 bats
  5 frilled lizards
  2 gnoll zombies (D:2)
  6 rats
49 creatures vanquished.

Notes
Turn   | Place    | Note
-------+----------+-------------------------------------------
     0 | D:1      | jestyr24 the Gargoyle Conjurer began the quest for the Orb.
     0 | D:1      | Reached XP level 1. HP: 10/10 MP: 3/3
   135 | D:1      | Reached XP level 2. HP: 15/15 MP: 1/5
   466 | D:1      | Reached skill level 5 in Conjurations
   708 | D:1      | Reached XP level 3. HP: 19/19 MP: 4/6
   712 | D:1      | Learned a level 2 spell: Searing Ray
  1093 | D:2      | Found a hide-covered altar of Uskayaw.
  1093 | D:2      | Noticed a +0 dagger
  1093 | D:2      | Noticed a +0 hand axe
  1725 | D:2      | Found a basalt altar of Yredelemnul.
  1794 | D:2      | Found a faded altar of an unknown god.
  1808 | D:2      | Became a worshipper of the Shining One
  1808 | D:2      | Reached * piety under the Shining One
  2031 | D:3      | Reached XP level 4. HP: 24/24 MP: 3/7
  2099 | D:3      | Quit the game

Illustrated notes

Levels and vault maps discovered:
D:1:      dpeg_arrival_rooms_with_view, layout_loops_ring,
          grunt_decor_one_mirror
D:2:      layout_loops_ring, lemuel_zombie_altar_yredelemnul,
          dancing_weapons_uskayaw, chequers_ecumenical_altar_simple
D:3:      layout_loops_ring, lemuel_crystal_altar, grunt_temple_overflow_open,
          serial_co_window_serial, co_window_paths_a, co_window_corner_a,
          co_window_paths_b, co_window_paths_a, co_window_corner_a,
          co_window_cross_3, co_window_of_opportunity_c, co_window_corner_b,
          co_window_paths_c, co_window_corner_b, co_window_unsneaky_path_b,
          co_window_unsneaky_path_a, co_window_sun, co_window_paths_e,
          glass_columns_c, glass_columns_b, glass_columns_a, uniq_jessica

Skill      XL: |  1  2  3 |
---------------+----------+-----
Conjurations   | 5 |  5.2
Stealth        | 3 |  3.1
Dodging        | |  1.7
Spellcasting   | |  2.4

Action                   |  1- 3 |  4- 6 || total
-------------------------+-------+-------++-------
Melee: Short sword       |    12 |     1 ||    13
 Cast: Magic Dart        |    67 |     3 ||    70
       Searing Ray       |     3 |       ||     3
 Stab: Sleeping          |     5 |       ||     5
Armor: Robe              |     5 |       ||     5
Dodge: Dodged            |    15 |       ||    15

Table legend: (Time is in decaauts)
 A = Elapsed time spent in this place.
 B = Non-inter-level travel time spent in this place.
 C = Inter-level travel time spent in this place.
 D = Time resting spent in this place.
 E = Time spent auto-exploring this place.
 F = Levels seen in this place.
 G = Mean time per level.
                   A        B        C        D        E       F      G
               +--------+--------+--------+--------+--------+-----+--------+
         Total |   2098 |   2040 |     58 |    390 |   1194 |   3 |  699.3 |
       Dungeon |   2098 |   2040 |     58 |    390 |   1194 |   3 |  699.3 |
               +--------+--------+--------+--------+--------+-----+--------+

Top non-repeatable levels by time:
     D:1: 1031 daAuts
     D:2: 966 daAuts
     D:3: 100 daAuts
